 Dungeon Crawl Stone Soup version 0.23-a0-143-g1adec7b (webtiles) character file.

22 galech the Skirmisher (level 2, 24/24 HPs)
             Began as a Demonspawn Monk on Sept 3, 2018.
             Quit the game on level 1 of the Dungeon.
             The game lasted 00:00:38 (639 turns).

galech the Skirmisher (Demonspawn Monk)              Turns: 639, Time: 00:00:40

Health: 24/24      AC:  2    Str: 11    XL:     2   Next: 68%
Magic:  2/2        EV: 13    Int: 11    God:
Gold:   143        SH:  0    Dex: 15    Spells: 1/1 levels left

rFire    . . .     SeeInvis .   a - +0 hand axe
rCold    . . .     Gourm    .   (no shield)
rNeg     . . .     Faith    .   b - +0 robe
rPois    .         Spirit   .   (no helmet)
rElec    .         Reflect  .   (no cloak)
rCorr    .         Harm     .   (no gloves)
MR       .....                  (no boots)
Stlth    ++........             (no amulet)
HPRegen  0.08/turn              (no ring)
MPRegen  0.08/turn              (no ring)

@: no status effects
A: talons 1
a: no special abilities


You were on level 1 of the Dungeon.
You were not hungry.

You visited 1 branch of the dungeon, and saw 1 of its levels.

You collected 143 gold pieces.

Inventory:

Hand Weapons
 a - a +0 hand axe (weapon)
Armour
 b - a +0 robe (worn)
Scrolls
 g - a scroll of teleportation {unknown}
 h - a scroll of remove curse {unknown}
Potions
 d - 2 potions of heal wounds {unknown}
 e - a potion of magic {unknown}
 i - a potion of curing {unknown}
Comestibles
 c - a ration
 f - 3 chunks of flesh


   Skills:
 + Level 3.2 Fighting
 + Level 3.0 Axes
 + Level 3.1 Dodging
 + Level 1.8 Stealth


You had one spell level left.
You didn't know any spells.
Your spell library was empty.

Dungeon Overview and Level Annotations

Branches:
Dungeon (1/15)

Altars:


Innate Abilities, Weirdness & Mutations

You have sharp toenails.


Message History

No target in view!
No target in view!
No target in view!
No target in view!
No target in view!
No target in view!
You see here a bat corpse.
You butcher the bat corpse.
f - 2 chunks of flesh (gained 1)
You see here a giant cockroach corpse.
You butcher the giant cockroach corpse.
f - 4 chunks of flesh (gained 2)
d - 2 fizzy inky potions (gained 1)
You now have 138 gold pieces (gained 13).
You now have 143 gold pieces (gained 5).
Some of the chunks of flesh in your inventory have rotted away.
You found a shaft!
A jackal comes into view.
Found a scroll labeled TEABEI QAWN.
Are you sure you want to abandon this character and quit the game? (Confirm

#
#........##.....#######.#.....#
#.####.#############..........#
#.####### #..>.##.......#
##.......# ##.##.....######
##P≈PP....###........## #
#≈PPP≈≈...............#
#P.PPPP≈P...............##
≈PP≈♣≈≈PP....#..#........##
P♣≈≈≈PP≈......@##.........### #
♣≈≈P.PP######.###########...###
PPP≈.#. #..# ###.... ...#. #.##
#..## .. #..# ... #### ... ..?h


You could see a jackal (sleeping).

Vanquished Creatures
  A dart slug (D:1)
  4 bats (D:1)
  2 giant cockroaches (D:1)
  3 goblins (D:1)
  3 hobgoblins (D:1)
  A kobold (D:1)
  A ball python (D:1)
  A frilled lizard (D:1)
  A rat (D:1)
  A fungus (D:1)
18 creatures vanquished.

Notes
Turn   | Place    | Note
-------+----------+-------------------------------------------
     0 | D:1      | galech the Demonspawn Monk began the quest for the Orb.
     0 | D:1      | Reached XP level 1. HP: 18/18 MP: 1/1
   261 | D:1      | Gained mutation: You have sharp toenails. [demonic
                  | ancestry]
   261 | D:1      | Reached XP level 2. HP: 18/24 MP: 2/2
   639 | D:1      | Quit the game

Vault maps used:
D:1:      elethiomel_arrival_infinity_welcomes_careful_drivers,
          minmay_gold_behind_fungi, serial_bayou_lagoon_a

Skill      XL: |  1  2 |
---------------+-------+-----
Dodging        | 3 |  3.1
Axes           | 3 |  3.0
Fighting       | |  3.2
Stealth        | |  1.8

Action                   || total
-------------------------++-------
Melee: Hand axe          ||    64
       Kick              ||    14
 Stab: Sleeping          ||     2
Armor: Robe              ||    13
Dodge: Dodged            ||    54

Table legend:
 A = Non-vault XP
 B = Vault XP
 C = Vault XP percentage of total XP
 D = Non-vault monster count
 E = Vault monster count
 F = Vault count percentage of total count
                 A         B        C        D         E       F
            +---------+---------+-------+---------+---------+-------
      Total |      32 |       0 |   0.0 |      17 |       0 |   0.0
            +---------+---------+-------+---------+---------+-------
        D:1 |      32 |       0 |   0.0 |      17 |       0 |   0.0
            +---------+---------+-------+---------+---------+-------
